Tucson Roadrunners vs Kelowna Rockets
Created - Wednesday, November 13, 2024 at 07:52
Goals
|
| Tucson Roadrunners |
1 |
3 |
0 |
4 |
| Kelowna Rockets |
1 |
4 |
1 |
6 |
|
Shots
|
| Tucson Roadrunners |
8 |
13 |
6 |
27 |
| Kelowna Rockets |
5 |
21 |
12 |
38 |
|
1st period
1. Kelowna Rockets , Mavrik Bourque 43 (Bobby McMann 63, Joel Kiviranta 39) at 8:49 (SH)
2. Tucson Roadrunners , Brock McGinn 27 (Kiefer Sherwood 47, Matt Nieto 45) at 9:39 (PP)
Penalties :
William Carrier (TRR) for Holding (Minor) at 1:32, Oskar Back (KEL) for High sticking (Minor) at 8:10, William Carrier (TRR) for Interference (Minor) at 10:19, Gage Goncalves (TRR) for Tripping (Minor) at 16:41
2nd period
3. Tucson Roadrunners , Nicolas Petan 30 (William Carrier 47, Walker Duehr 16) at 6:50
4. Tucson Roadrunners , Brock McGinn 28 (Matt Nieto 46, Nick Seeler 34) at 7:23
5. Kelowna Rockets , Oskar Back 5 (Hardy Haman Aktell 19) at 7:54
6. Kelowna Rockets , Joel Kiviranta 30 (Chad Ruhwedel 32, Bobby McMann 64) at 9:21
7. Kelowna Rockets , Mavrik Bourque 44 (Joel Kiviranta 40, Bobby McMann 65) at 15:10 (PP)
8. Kelowna Rockets , Roby Jarventie 35 (Riley Nash 55) at 15:24
9. Tucson Roadrunners , Kiefer Sherwood 45 (Matt Nieto 47) at 19:48 (SH)
Penalties :
Riley Nash (KEL) for Holding (Minor) at 0:35, Jasper Weatherby (KEL) for Roughing (Minor) at 11:40, Maxwell Crozier (TRR) for Interference (Minor) at 13:22, Maxwell Crozier (TRR) for Tripping (Minor) at 16:27, Nick Seeler (TRR) for High sticking (Double Minor) at 19:12
3rd period
10. Kelowna Rockets , Chad Ruhwedel 6 (Mavrik Bourque 64) at 19:27 (Empty Net)
Penalties :
Nick Seeler (TRR) for Cross-checking (Minor) at 13:37
Goalie Stats
Kaapo Kahkonen (TRR), 32 saves from 37 shots - (0.865), L, 19-9-3, 59:40 minutes
Eetu Makiniemi (KEL), 23 saves from 27 shots - (0.852), W, 21-16-6, 60:00 minutes
Players Stats for Tucson Roadrunners
Player Name G A P +/- PIM S H SB GA TA FO MP PP MP PK MP
------------------------------------------------------------------------------------
Anthony Richard 0 0 0 -1 0 1 3 0 0 0 0/0 13:02 2:19 0:00
Brock McGinn 2 0 2 -2 0 5 1 2 0 0 4/10 21:53 2:51 7:00
Chase Wheatcroft 0 0 0 0 0 1 0 0 0 0 0/0 6:17 0:00 0:40
Gage Goncalves 0 0 0 0 2 0 3 0 0 0 0/0 12:19 0:00 0:39
Kiefer Sherwood 1 1 2 -1 0 2 2 1 0 1 14/31 24:51 2:51 7:40
Maksymilian Szuber 0 0 0 1 0 0 0 0 0 0 0/0 11:04 0:00 0:55
Matt Nieto 0 3 3 -1 0 5 0 1 1 1 0/3 21:40 2:51 7:40
Maxwell Crozier 0 0 0 0 4 0 1 1 0 0 0/0 24:11 2:30 5:53
Nick Seeler 0 1 1 -2 6 1 3 1 0 0 0/0 23:43 2:31 4:51
Nicolas Petan 1 0 1 -1 0 4 1 1 0 0 5/13 20:39 2:19 7:05
Owen Sillinger 0 0 0 0 0 1 2 0 0 1 0/0 11:07 0:00 0:00
Robert Hagg 0 0 0 -2 0 3 1 2 0 2 0/0 23:18 2:39 7:37
Samuel Knazko 0 0 0 1 0 0 2 2 0 0 0/0 15:12 0:00 3:41
Topias Vilen 0 0 0 -2 0 0 2 0 1 1 0/0 23:05 2:39 7:53
Trevor Kuntar 0 0 0 0 0 0 0 0 0 0 0/0 2:18 0:00 0:00
Walker Duehr 0 1 1 0 0 2 0 1 0 0 4/7 11:07 0:00 0:00
William Carrier 0 1 1 -1 4 2 1 0 2 1 0/0 13:34 2:19 0:00
Zach Dean 0 0 0 0 0 0 1 0 0 0 0/0 4:51 0:00 0:06
Players Stats for Kelowna Rockets
Player Name G A P +/- PIM S H SB GA TA FO MP PP MP PK MP
------------------------------------------------------------------------------------
Adam Sykora 0 0 0 0 0 1 1 0 0 0 0/0 10:45 0:00 0:00
Aku Raty 0 0 0 1 0 3 2 1 0 0 0/1 18:35 7:13 0:00
Bobby McMann 0 3 3 1 0 4 2 0 1 0 4/10 24:18 7:34 2:51
Chad Ruhwedel 1 1 2 2 0 3 4 3 1 3 0/0 25:29 7:13 2:39
Eemil Viro 0 0 0 -1 0 0 0 0 0 0 0/0 11:22 0:00 0:00
Hardy Haman Aktell 0 1 1 1 0 1 2 2 0 0 0/0 23:09 8:12 2:31
Henri Nikkanen 0 0 0 0 0 0 0 0 0 0 0/0 3:51 0:28 0:00
Jacob Perreault 0 0 0 0 0 2 0 0 0 0 0/0 5:32 0:00 0:00
Jake Christiansen 0 0 0 1 0 1 2 1 1 0 0/0 23:09 8:12 2:31
Jasper Weatherby 0 0 0 0 2 0 1 0 1 0 1/1 7:06 0:21 0:56
Joel Kiviranta 1 2 3 0 0 6 1 0 1 0 1/5 20:59 7:55 2:04
Kim Nousiainen 0 0 0 -1 0 0 2 0 1 0 0/0 11:22 0:00 0:00
Mavrik Bourque 2 1 3 1 0 6 0 1 0 0 16/26 21:18 7:29 2:34
Maxence Guenette 0 0 0 2 0 1 1 1 0 0 0/0 25:29 7:13 2:39
Mikael Pyyhtia 0 0 0 0 0 3 1 0 0 0 1/3 11:38 0:30 0:00
Oskar Back 1 0 1 0 2 2 1 0 0 0 1/1 11:03 0:02 0:00
Riley Nash 0 1 1 1 2 2 1 1 1 0 12/15 20:16 7:34 1:17
Roby Jarventie 1 0 1 1 0 3 2 0 0 1 1/2 19:09 7:09 0:38
3 Stars
1 - Mavrik Bourque (KEL)
2 - Chad Ruhwedel (KEL)
3 - Joel Kiviranta (KEL)
Power Play
Tucson Roadrunners - 1 on 3 Attempt(s) - 33.33%
Kelowna Rockets - 1 on 8 Attempt(s) - 12.50%
Penalty Kill
Tucson Roadrunners - 7 on 8 Attempt(s) - 87.50%
- Score 1 goal in Penalty Kill
Kelowna Rockets - 2 on 3 Attempt(s) - 66.67%
- Score 1 goal in Penalty Kill
Team Stat
Tucson Roadrunners - Hits : 23 - Faceoff Wins : 27 - Blocked Shots : 12 - Penalty Minutes : 16
Kelowna Rockets - Hits : 23 - Faceoff Wins : 37 - Blocked Shots : 10 - Penalty Minutes : 6
Official
Referees : Francois St Laurent and Justin St. Pierre
Linesman : Mitchell Hunt and Michel Cormier
Game Notes
6:50 of 2nd period - Tucson Roadrunners goal is going for a video replay. After video review, Goal.
Chad Ruhwedel has scored in a empty net!
Tucson Roadrunners
5 vs 5 Forward
Center Left Wing Right Wing Time % Phy DF OF
1 Kiefer Sherwood Matt Nieto Brock McGinn 30 1 2 2
2 Nicolas Petan William Carrier Anthony Richard 30 1 2 2
3 Walker Duehr Gage Goncalves Owen Sillinger 25 1 2 2
4 Zach Dean Chase Wheatcroft Kiefer Sherwood 15 1 2 2
5 vs 5 Defense
Defense Defense Time % Phy DF OF
1 Nick Seeler Maxwell Crozier 30 1 2 2
2 Robert Hagg Topias Vilen 30 1 2 2
3 Maksymilian Szuber Samuel Knazko 25 1 2 2
4 Nick Seeler Maxwell Crozier 15 1 2 2
PowerPlay Forward
Center Left Wing Right Wing Time % Phy DF OF
1 Kiefer Sherwood Matt Nieto Brock McGinn 50 1 2 2
2 Nicolas Petan William Carrier Anthony Richard 50 1 2 2
PowerPlay Defense
Defense Defense Time % Phy DF OF
1 Nick Seeler Maxwell Crozier 50 1 2 2
2 Robert Hagg Topias Vilen 50 1 2 2
Penalty Kill 4 Players Forward
Center Wing Time % Phy DF OF
1 Kiefer Sherwood Matt Nieto 50 1 2 2
2 Brock McGinn Nicolas Petan 50 1 2 2
Penalty Kill 4 Players Defense
Defense Defense Time % Phy DF OF
1 Nick Seeler Maxwell Crozier 50 1 2 2
2 Robert Hagg Topias Vilen 50 1 2 2
Penalty Kill - 3 Players Forward
Forward Time % Phy DF OF
1 Kiefer Sherwood 50 1 2 2
2 Matt Nieto 50 1 2 2
Penalty Kill - 3 Players Defense
Defense Defense Time % Phy DF OF
1 Nick Seeler Maxwell Crozier 50 1 2 2
2 Robert Hagg Topias Vilen 50 1 2 2
4 vs 4 Forward
Center Wing Time % Phy DF OF
1 Kiefer Sherwood Matt Nieto 50 1 2 2
2 Brock McGinn Nicolas Petan 50 1 2 2
4 vs 4 Defense
Defense Defense Time % Phy DF OF
1 Nick Seeler Maxwell Crozier 50 1 2 2
2 Robert Hagg Topias Vilen 50 1 2 2
Last Minutes Offensive
Center Left Wing Right Wing Defense Defense
Kiefer Sherwood Matt Nieto Brock McGinn Nick Seeler Maxwell Crozier
Last Minutes Defensive
Center Left Wing Right Wing Defense Defense
Kiefer Sherwood Matt Nieto Brock McGinn Nick Seeler Maxwell Crozier
Goaltenders
Starting : Kaapo Kahkonen
Backup : Arturs Silovs
Extra Forwards
Normal : Trevor Kuntar, Walker Duehr, Gage Goncalves - PP : Trevor Kuntar, Walker Duehr - PK : Gage Goncalves
Extra Defensemen
Normal : Maksymilian Szuber, Samuel Knazko, Robert Hagg - PP : Maksymilian Szuber - PK : Samuel Knazko, Robert Hagg
Penalty Shots
Kiefer Sherwood, Matt Nieto, Brock McGinn, Nicolas Petan, Anthony Richard
Scratches
Ondrej Pavel (Healthy), Alexander Kisakov (Healthy), Jack Matier (Healthy), Lleyton Moore (Healthy), Tanner Dickinson (Healthy)
Corson Ceulemans (Healthy), Hunter Drew (Healthy), Ole Julian Bjorgvik Holm (Healthy), Ben Jones (Healthy), Magnus Chrona (Healthy)
Georgi Romanov (Healthy), Kevin Mandolese (Healthy), Hunter Shepard (Healthy)
Kelowna Rockets
5 vs 5 Forward
Center Left Wing Right Wing Time % Phy DF OF
1 Mavrik Bourque Bobby McMann Joel Kiviranta 30 1 2 2
2 Riley Nash Roby Jarventie Aku Raty 30 1 2 2
3 Mikael Pyyhtia Adam Sykora Oskar Back 25 1 2 2
4 Jasper Weatherby Bobby McMann Jacob Perreault 15 1 2 2
5 vs 5 Defense
Defense Defense Time % Phy DF OF
1 Chad Ruhwedel Maxence Guenette 30 1 2 2
2 Jake Christiansen Hardy Haman Aktell 30 1 2 2
3 Eemil Viro Kim Nousiainen 25 1 2 2
4 Chad Ruhwedel Maxence Guenette 15 1 2 2
PowerPlay Forward
Center Left Wing Right Wing Time % Phy DF OF
1 Mavrik Bourque Bobby McMann Joel Kiviranta 50 1 2 2
2 Riley Nash Roby Jarventie Aku Raty 50 1 2 2
PowerPlay Defense
Defense Defense Time % Phy DF OF
1 Chad Ruhwedel Maxence Guenette 50 1 2 2
2 Jake Christiansen Hardy Haman Aktell 50 1 2 2
Penalty Kill 4 Players Forward
Center Wing Time % Phy DF OF
1 Bobby McMann Mavrik Bourque 50 1 2 2
2 Joel Kiviranta Riley Nash 50 1 2 2
Penalty Kill 4 Players Defense
Defense Defense Time % Phy DF OF
1 Chad Ruhwedel Maxence Guenette 50 1 2 2
2 Jake Christiansen Hardy Haman Aktell 50 1 2 2
Penalty Kill - 3 Players Forward
Forward Time % Phy DF OF
1 Bobby McMann 50 1 2 2
2 Mavrik Bourque 50 1 2 2
Penalty Kill - 3 Players Defense
Defense Defense Time % Phy DF OF
1 Chad Ruhwedel Maxence Guenette 50 1 2 2
2 Jake Christiansen Hardy Haman Aktell 50 1 2 2
4 vs 4 Forward
Center Wing Time % Phy DF OF
1 Bobby McMann Mavrik Bourque 50 1 2 2
2 Joel Kiviranta Riley Nash 50 1 2 2
4 vs 4 Defense
Defense Defense Time % Phy DF OF
1 Chad Ruhwedel Maxence Guenette 50 1 2 2
2 Jake Christiansen Hardy Haman Aktell 50 1 2 2
Last Minutes Offensive
Center Left Wing Right Wing Defense Defense
Mavrik Bourque Bobby McMann Joel Kiviranta Chad Ruhwedel Maxence Guenette
Last Minutes Defensive
Center Left Wing Right Wing Defense Defense
Mavrik Bourque Bobby McMann Joel Kiviranta Chad Ruhwedel Maxence Guenette
Goaltenders
Starting : Eetu Makiniemi
Backup : Arvid Holm
Extra Forwards
Normal : Henri Nikkanen, Mikael Pyyhtia, Jasper Weatherby - PP : Henri Nikkanen, Mikael Pyyhtia - PK : Jasper Weatherby
Extra Defensemen
Normal : Eemil Viro, Kim Nousiainen, Jake Christiansen - PP : Eemil Viro - PK : Kim Nousiainen, Jake Christiansen
Penalty Shots
Bobby McMann, Mavrik Bourque, Joel Kiviranta, Riley Nash, Roby Jarventie
Scratches
Adam Raska (Healthy), Samu Tuomaala (Healthy), Navrin Mutter (Healthy), Riley Bezeau (Healthy), Connor Zary (Healthy)
Raivis Ansons (Healthy), Mason Primeau (Healthy), Oscar Dansk (Healthy)
% Time on Ice - Tucson Roadrunners
Lines # - Real PCT - Wanted PCT - Time Play
Normal Forward
1 - 27% - 30% - 10:27
2 - 32% - 30% - 12:09
3 - 29% - 25% - 11:07
4 - 12% - 15% - 4:45
Normal Defense
1 - 31% - 30% - 12:01
2 - 33% - 30% - 12:45
3 - 25% - 25% - 9:46
4 - 10% - 15% - 3:56
PP Forward
1 - 55% - 50% - 2:51
2 - 45% - 50% - 2:19
PP Defense
1 - 49% - 50% - 2:31
2 - 51% - 50% - 2:39
PK Forward
1 - 53% - 50% - 8:08
2 - 47% - 50% - 7:17
PK Defense
1 - 53% - 50% - 8:06
2 - 47% - 50% - 7:19
PK3 Forward
1 - 0% - 50%
2 - 0% - 50%
PK3 Defense
1 - 0% - 50%
2 - 0% - 50%
44 Forward
1 - 12% - 50% - 0:02
2 - 88% - 50% - 0:15
44 Defense
1 - 12% - 50% - 0:02
2 - 88% - 50% - 0:15
Last Minute Offensive - 0:40
Last Minute Defensive - 0:00
Total
Forward - 60:00
Defense - 60:00
|
% Time on Ice - Kelowna Rockets
Lines # - Real PCT - Wanted PCT - Time Play
Normal Forward
1 - 27% - 30% - 10:23
2 - 31% - 30% - 11:51
3 - 28% - 25% - 10:45
4 - 14% - 15% - 5:32
Normal Defense
1 - 31% - 30% - 12:05
2 - 32% - 30% - 12:24
3 - 29% - 25% - 11:09
4 - 7% - 15% - 2:53
PP Forward
1 - 50% - 50% - 7:42
2 - 50% - 50% - 7:43
PP Defense
1 - 47% - 50% - 7:13
2 - 53% - 50% - 8:12
PK Forward
1 - 50% - 50% - 2:34
2 - 50% - 50% - 2:36
PK Defense
1 - 51% - 50% - 2:39
2 - 49% - 50% - 2:31
PK3 Forward
1 - 0% - 50%
2 - 0% - 50%
PK3 Defense
1 - 0% - 50%
2 - 0% - 50%
44 Forward
1 - 88% - 50% - 0:15
2 - 12% - 50% - 0:02
44 Defense
1 - 88% - 50% - 0:15
2 - 12% - 50% - 0:02
Last Minute Offensive - 0:00
Last Minute Defensive - 0:37
Total
Forward - 60:00
Defense - 60:00
|
Play-by-Play
1st period
0:01 of 1st period - Kiefer Sherwood wins face-off versus Mavrik Bourque in neutral zone.
1:32 of 1st period - Minor Penalty to William Carrier for Holding.
1:33 of 1st period - Kiefer Sherwood wins face-off versus Mavrik Bourque in Tucson Roadrunners zone.
1:48 of 1st period - Snap shot by Nicolas Petan.
1:48 of 1st period - Stopped by Eetu Makiniemi with a rebound.
1:50 of 1st period - Wrist shot by Brock McGinn.
1:50 of 1st period - Shot Blocked by Chad Ruhwedel.
2:08 of 1st period - Snap shot by Roby Jarventie.
2:08 of 1st period - Shot Misses the Net.
2:10 of 1st period - Slapshot by Jake Christiansen.
2:10 of 1st period - Deflect By Aku Raty.
2:10 of 1st period - Shot Misses the Net.
2:10 of 1st period - Puck is out of play.
2:11 of 1st period - Kiefer Sherwood wins face-off versus Riley Nash in Tucson Roadrunners zone.
3:32 of 1st period - Penalty to William Carrier is over, William Carrier is back on ice.
3:49 of 1st period - Mikael Pyyhtia is hit by Gage Goncalves and loses puck.
4:02 of 1st period - Bobby McMann is hit by William Carrier and loses puck.
4:31 of 1st period - Nick Seeler is hit by Kim Nousiainen and loses puck.
5:29 of 1st period - Jake Christiansen is hit by Robert Hagg and loses puck.
6:02 of 1st period - Wrist shot by Brock McGinn.
6:02 of 1st period - Shot Blocked by Aku Raty.
6:04 of 1st period - Wrist shot by Matt Nieto.
6:04 of 1st period - Stopped by Eetu Makiniemi with a rebound.
6:06 of 1st period - Snap shot by Brock McGinn.
6:06 of 1st period - Deflect By Matt Nieto.
6:06 of 1st period - Shot Blocked by Riley Nash.
6:06 of 1st period - Puck is out of play.
6:07 of 1st period - Walker Duehr wins face-off versus Aku Raty in Kelowna Rockets zone.
6:08 of 1st period - Slapshot by Gage Goncalves.
6:08 of 1st period - Shot Blocked by Hardy Haman Aktell.
6:15 of 1st period - Icing by Roby Jarventie.
6:16 of 1st period - Riley Nash wins face-off versus Walker Duehr in Kelowna Rockets zone.
6:16 of 1st period - Riley Nash is hit by Maxwell Crozier.
6:30 of 1st period - Snap shot by Riley Nash.
6:30 of 1st period - Shot Misses the Net.
6:36 of 1st period - Snap shot by Owen Sillinger.
6:36 of 1st period - Stopped by Eetu Makiniemi with a rebound.
6:38 of 1st period - Slapshot by Maxwell Crozier.
6:38 of 1st period - Deflect By Walker Duehr.
6:38 of 1st period - Shot Blocked by Chad Ruhwedel.
6:38 of 1st period - Puck is out of play.
6:39 of 1st period - Mavrik Bourque wins face-off versus Kiefer Sherwood in Kelowna Rockets zone.
7:09 of 1st period - Icing by Anthony Richard.
7:10 of 1st period - Riley Nash wins face-off versus Nicolas Petan in Tucson Roadrunners zone.
7:19 of 1st period - Snap shot by Riley Nash.
7:19 of 1st period - Deflect By Aku Raty.
7:19 of 1st period - Stopped by Kaapo Kahkonen with a rebound.
7:35 of 1st period - Kiefer Sherwood is hit by Joel Kiviranta and loses puck.
7:44 of 1st period - Snap shot by Mavrik Bourque.
7:44 of 1st period - Shot Blocked by Samuel Knazko.
8:00 of 1st period - Snap shot by Gage Goncalves.
8:00 of 1st period - Shot Misses the Net.
8:04 of 1st period - Slapshot by Gage Goncalves.
8:04 of 1st period - Shot Hit the Post.
8:10 of 1st period - Minor Penalty to Oskar Back for High sticking.
8:11 of 1st period - Kiefer Sherwood wins face-off versus Bobby McMann in Kelowna Rockets zone.
8:14 of 1st period - Wrist shot by Kiefer Sherwood.
8:14 of 1st period - Stopped by Eetu Makiniemi without a rebound.
8:15 of 1st period - Bobby McMann wins face-off versus Kiefer Sherwood in Kelowna Rockets zone.
8:26 of 1st period - Riley Nash is hit by Nick Seeler and loses puck.
8:49 of 1st period - Snap shot by Bobby McMann.
8:49 of 1st period - Deflect By Mavrik Bourque.
8:49 of 1st period - Goal by Mavrik Bourque - Tucson Roadrunners : 0 - Kelowna Rockets : 1.
8:50 of 1st period - Nicolas Petan wins face-off versus Joel Kiviranta in neutral zone.
8:57 of 1st period - Snap shot by Anthony Richard.
8:57 of 1st period - Deflect By Nicolas Petan.
8:57 of 1st period - Stopped by Eetu Makiniemi with a rebound.
9:01 of 1st period - Snap shot by Nicolas Petan.
9:01 of 1st period - Shot Blocked by Chad Ruhwedel.
9:03 of 1st period - Snap shot by William Carrier.
9:03 of 1st period - Shot Misses the Net.
9:05 of 1st period - Snap shot by Robert Hagg.
9:05 of 1st period - Stopped by Eetu Makiniemi without a rebound.
9:06 of 1st period - Bobby McMann wins face-off versus Matt Nieto in Kelowna Rockets zone.
9:13 of 1st period - Snap shot by Bobby McMann.
9:13 of 1st period - Deflect By Mavrik Bourque.
9:13 of 1st period - Shot Blocked by Matt Nieto.
9:13 of 1st period - Puck is out of play.
9:14 of 1st period - Bobby McMann wins face-off versus Kiefer Sherwood in Tucson Roadrunners zone.
9:39 of 1st period - Snap shot by Brock McGinn.
9:39 of 1st period - Goal by Brock McGinn - Tucson Roadrunners : 1 - Kelowna Rockets : 1.
9:40 of 1st period - Mavrik Bourque wins face-off versus Kiefer Sherwood in neutral zone.
10:05 of 1st period - Maxwell Crozier is hit by Roby Jarventie and loses puck.
10:19 of 1st period - Minor Penalty to William Carrier for Interference.
10:20 of 1st period - Mavrik Bourque wins face-off versus Kiefer Sherwood in Tucson Roadrunners zone.
10:20 of 1st period - Wrist shot by Bobby McMann.
10:20 of 1st period - Deflect By Mavrik Bourque.
10:20 of 1st period - Shot Blocked by Robert Hagg.
10:20 of 1st period - Puck is out of play.
10:21 of 1st period - Kiefer Sherwood wins face-off versus Mavrik Bourque in Tucson Roadrunners zone.
10:56 of 1st period - Snap shot by Roby Jarventie.
10:56 of 1st period - Deflect By Riley Nash.
10:56 of 1st period - Stopped by Kaapo Kahkonen with a rebound.
12:19 of 1st period - Penalty to William Carrier is over, William Carrier is back on ice.
12:20 of 1st period - Maxwell Crozier is hit by Chad Ruhwedel.
13:04 of 1st period - Slapshot by Walker Duehr.
13:04 of 1st period - Stopped by Eetu Makiniemi with a rebound.
13:46 of 1st period - Riley Nash is hit by Nick Seeler and loses puck.
15:03 of 1st period - Bobby McMann is hit by Brock McGinn and loses puck.
15:22 of 1st period - Maxwell Crozier is hit by Mikael Pyyhtia and loses puck.
15:44 of 1st period - Henri Nikkanen is hit by Topias Vilen.
15:53 of 1st period - Icing by Robert Hagg.
15:54 of 1st period - Riley Nash wins face-off versus Nicolas Petan in Tucson Roadrunners zone.
16:11 of 1st period - Snap shot by Roby Jarventie.
16:11 of 1st period - Shot Misses the Net.
16:36 of 1st period - Snap shot by Mavrik Bourque.
16:36 of 1st period - Stopped by Kaapo Kahkonen with a rebound.
16:41 of 1st period - Minor Penalty to Gage Goncalves for Tripping.
16:42 of 1st period - Mavrik Bourque wins face-off versus Kiefer Sherwood in Tucson Roadrunners zone.
18:41 of 1st period - Penalty to Gage Goncalves is over, Gage Goncalves is back on ice.
19:14 of 1st period - Slapshot by Jacob Perreault.
19:14 of 1st period - Stopped by Kaapo Kahkonen with a rebound.
19:33 of 1st period - Chad Ruhwedel is hit by Anthony Richard and loses puck.
Goals for this period are 1 for Tucson Roadrunners vs 1 for Kelowna Rockets.
Shots for this period are 8 for Tucson Roadrunners vs 5 for Kelowna Rockets.
2nd period
0:01 of 2nd period - Mavrik Bourque wins face-off versus Kiefer Sherwood in neutral zone.
0:35 of 2nd period - Minor Penalty to Riley Nash for Holding.
0:36 of 2nd period - Nicolas Petan wins face-off versus Bobby McMann in Kelowna Rockets zone.
1:02 of 2nd period - Jasper Weatherby is hit by Kiefer Sherwood and loses puck.
1:49 of 2nd period - Matt Nieto is hit by Hardy Haman Aktell.
2:35 of 2nd period - Penalty to Riley Nash is over, Riley Nash is back on ice.
3:02 of 2nd period - Zach Dean is hit by Aku Raty and loses puck.
3:17 of 2nd period - Off-side.
3:18 of 2nd period - Walker Duehr wins face-off versus Mikael Pyyhtia in neutral zone.
3:25 of 2nd period - Snap shot by Oskar Back.
3:25 of 2nd period - Deflect By Maxwell Crozier.
3:25 of 2nd period - Shot Misses the Net.
3:25 of 2nd period - Puck is out of play.
3:26 of 2nd period - Mikael Pyyhtia wins face-off versus Matt Nieto in Tucson Roadrunners zone.
3:27 of 2nd period - Wrist shot by Oskar Back.
3:27 of 2nd period - Shot Misses the Net.
3:33 of 2nd period - Snap shot by Brock McGinn.
3:33 of 2nd period - Stopped by Eetu Makiniemi without a rebound.
3:34 of 2nd period - Kiefer Sherwood wins face-off versus Mavrik Bourque in Kelowna Rockets zone.
3:35 of 2nd period - Wrist shot by Matt Nieto.
3:35 of 2nd period - Stopped by Eetu Makiniemi without a rebound.
3:36 of 2nd period - Mavrik Bourque wins face-off versus Kiefer Sherwood in Kelowna Rockets zone.
3:44 of 2nd period - Off-side.
3:45 of 2nd period - Kiefer Sherwood wins face-off versus Mavrik Bourque in neutral zone.
4:17 of 2nd period - Aku Raty is hit by Nicolas Petan.
4:54 of 2nd period - Wrist shot by Kiefer Sherwood.
4:54 of 2nd period - Shot Misses the Net.
5:12 of 2nd period - Riley Nash is hit by Anthony Richard and loses puck.
5:27 of 2nd period - Brock McGinn is hit by Jasper Weatherby and loses puck.
5:48 of 2nd period - Jake Christiansen is hit by Gage Goncalves and loses puck.
6:23 of 2nd period - Slapshot by Chad Ruhwedel.
6:23 of 2nd period - Shot Misses the Net.
6:35 of 2nd period - Gage Goncalves is hit by Bobby McMann and loses puck.
6:48 of 2nd period - Snap shot by William Carrier.
6:48 of 2nd period - Stopped by Eetu Makiniemi with a rebound.
6:50 of 2nd period - Snap shot by Nicolas Petan.
6:50 of 2nd period - Tucson Roadrunners goal is going for a video replay.
6:50 of 2nd period - The goal is good.
6:50 of 2nd period - Goal by Nicolas Petan - Tucson Roadrunners : 2 - Kelowna Rockets : 1.
6:51 of 2nd period - Riley Nash wins face-off versus Kiefer Sherwood in neutral zone.
7:00 of 2nd period - Wrist shot by Matt Nieto.
7:00 of 2nd period - Stopped by Eetu Makiniemi without a rebound.
7:01 of 2nd period - Kiefer Sherwood wins face-off versus Roby Jarventie in Kelowna Rockets zone.
7:01 of 2nd period - Kiefer Sherwood is hit by Jake Christiansen.
7:05 of 2nd period - Wrist shot by Kiefer Sherwood.
7:05 of 2nd period - Shot Misses the Net.
7:07 of 2nd period - Slapshot by Nick Seeler.
7:07 of 2nd period - Shot Misses the Net.
7:09 of 2nd period - Slapshot by Maxwell Crozier.
7:09 of 2nd period - Shot Misses the Net.
7:11 of 2nd period - Slapshot by Nick Seeler.
7:11 of 2nd period - Stopped by Eetu Makiniemi without a rebound.
7:12 of 2nd period - Kiefer Sherwood wins face-off versus Mavrik Bourque in Kelowna Rockets zone.
7:13 of 2nd period - Wrist shot by Matt Nieto.
7:13 of 2nd period - Stopped by Eetu Makiniemi with a rebound.
7:15 of 2nd period - Snap shot by Matt Nieto.
7:15 of 2nd period - Shot Misses the Net.
7:17 of 2nd period - Slapshot by Nick Seeler.
7:17 of 2nd period - Shot Blocked by Maxence Guenette.
7:19 of 2nd period - Wrist shot by Brock McGinn.
7:19 of 2nd period - Stopped by Eetu Makiniemi with a rebound.
7:21 of 2nd period - Snap shot by Matt Nieto.
7:21 of 2nd period - Shot Blocked by Mavrik Bourque.
7:23 of 2nd period - Snap shot by Brock McGinn.
7:23 of 2nd period - Goal by Brock McGinn - Tucson Roadrunners : 3 - Kelowna Rockets : 1.
7:24 of 2nd period - Kiefer Sherwood wins face-off versus Bobby McMann in neutral zone.
7:49 of 2nd period - Topias Vilen is hit by Oskar Back and loses puck.
7:54 of 2nd period - Wrist shot by Oskar Back.
7:54 of 2nd period - Goal by Oskar Back - Tucson Roadrunners : 3 - Kelowna Rockets : 2.
7:55 of 2nd period - Mavrik Bourque wins face-off versus Nicolas Petan in neutral zone.
8:01 of 2nd period - Slapshot by Chad Ruhwedel.
8:01 of 2nd period - Shot Blocked by Nicolas Petan.
8:03 of 2nd period - Slapshot by Chad Ruhwedel.
8:03 of 2nd period - Deflect By Bobby McMann.
8:03 of 2nd period - Shot Blocked by Nick Seeler.
8:03 of 2nd period - Puck is out of play.
8:04 of 2nd period - Nicolas Petan wins face-off versus Joel Kiviranta in Tucson Roadrunners zone.
8:37 of 2nd period - Snap shot by Joel Kiviranta.
8:37 of 2nd period - Shot Misses the Net.
8:39 of 2nd period - Snap shot by Mavrik Bourque.
8:39 of 2nd period - Stopped by Kaapo Kahkonen without a rebound.
8:40 of 2nd period - Riley Nash wins face-off versus Brock McGinn in Tucson Roadrunners zone.
8:41 of 2nd period - Wrist shot by Roby Jarventie.
8:41 of 2nd period - Shot Misses the Net.
8:43 of 2nd period - Snap shot by Riley Nash.
8:43 of 2nd period - Deflect By Aku Raty.
8:43 of 2nd period - Stopped by Kaapo Kahkonen with a rebound.
8:45 of 2nd period - Slapshot by Hardy Haman Aktell.
8:45 of 2nd period - Stopped by Kaapo Kahkonen without a rebound.
8:46 of 2nd period - Riley Nash wins face-off versus Kiefer Sherwood in Tucson Roadrunners zone.
9:15 of 2nd period - Slapshot by Aku Raty.
9:15 of 2nd period - Deflect By Riley Nash.
9:15 of 2nd period - Shot Misses the Net.
9:15 of 2nd period - Puck is out of play.
9:16 of 2nd period - Mavrik Bourque wins face-off versus Nicolas Petan in Tucson Roadrunners zone.
9:17 of 2nd period - Wrist shot by Bobby McMann.
9:17 of 2nd period - Stopped by Kaapo Kahkonen with a rebound.
9:19 of 2nd period - Wrist shot by Chad Ruhwedel.
9:19 of 2nd period - Shot Misses the Net.
9:21 of 2nd period - Snap shot by Joel Kiviranta.
9:21 of 2nd period - Goal by Joel Kiviranta - Tucson Roadrunners : 3 - Kelowna Rockets : 3.
9:22 of 2nd period - Mavrik Bourque wins face-off versus Kiefer Sherwood in neutral zone.
9:35 of 2nd period - Snap shot by Mavrik Bourque.
9:35 of 2nd period - Shot Misses the Net.
9:37 of 2nd period - Wrist shot by Bobby McMann.
9:37 of 2nd period - Shot Misses the Net.
10:00 of 2nd period - Backhand shot by Chad Ruhwedel.
10:00 of 2nd period - Stopped by Kaapo Kahkonen with a rebound.
10:10 of 2nd period - Riley Nash is hit by Topias Vilen and loses puck.
10:17 of 2nd period - Slapshot by Roby Jarventie.
10:17 of 2nd period - Stopped by Kaapo Kahkonen without a rebound.
10:18 of 2nd period - Mavrik Bourque wins face-off versus Nicolas Petan in Tucson Roadrunners zone.
10:45 of 2nd period - Slapshot by Oskar Back.
10:45 of 2nd period - Deflect By Mikael Pyyhtia.
10:45 of 2nd period - Stopped by Kaapo Kahkonen with a rebound.
10:47 of 2nd period - Snap shot by Oskar Back.
10:47 of 2nd period - Deflect By Mikael Pyyhtia.
10:47 of 2nd period - Stopped by Kaapo Kahkonen with a rebound.
10:49 of 2nd period - Slapshot by Mikael Pyyhtia.
10:49 of 2nd period - Shot Misses the Net.
10:51 of 2nd period - Snap shot by Adam Sykora.
10:51 of 2nd period - Stopped by Kaapo Kahkonen with a rebound.
11:25 of 2nd period - Nick Seeler is hit by Chad Ruhwedel and loses puck.
11:40 of 2nd period - Minor Penalty to Jasper Weatherby for Roughing.
11:41 of 2nd period - Kiefer Sherwood wins face-off versus Bobby McMann in Kelowna Rockets zone.
11:54 of 2nd period - Snap shot by Kiefer Sherwood.
11:54 of 2nd period - Deflect By Matt Nieto.
11:54 of 2nd period - Shot Hit the Post.
11:54 of 2nd period - Puck is out of play.
11:55 of 2nd period - Nicolas Petan wins face-off versus Bobby McMann in Kelowna Rockets zone.
12:02 of 2nd period - Wrist shot by Anthony Richard.
12:02 of 2nd period - Shot Misses the Net.
12:04 of 2nd period - Slapshot by Topias Vilen.
12:04 of 2nd period - Deflect By Nicolas Petan.
12:04 of 2nd period - Shot Misses the Net.
12:04 of 2nd period - Puck is out of play.
12:05 of 2nd period - Nicolas Petan wins face-off versus Bobby McMann in Kelowna Rockets zone.
12:06 of 2nd period - Slapshot by William Carrier.
12:06 of 2nd period - Shot Blocked by Hardy Haman Aktell.
12:08 of 2nd period - Slapshot by William Carrier.
12:08 of 2nd period - Stopped by Eetu Makiniemi with a rebound.
12:32 of 2nd period - Snap shot by Nicolas Petan.
12:32 of 2nd period - Shot Misses the Net.
12:34 of 2nd period - Slapshot by Topias Vilen.
12:34 of 2nd period - Shot Blocked by Jake Christiansen.
12:36 of 2nd period - Snap shot by Robert Hagg.
12:36 of 2nd period - Stopped by Eetu Makiniemi without a rebound.
12:37 of 2nd period - Kiefer Sherwood wins face-off versus Joel Kiviranta in Kelowna Rockets zone.
12:42 of 2nd period - Wrist shot by Brock McGinn.
12:42 of 2nd period - Stopped by Eetu Makiniemi without a rebound.
12:43 of 2nd period - Joel Kiviranta wins face-off versus Kiefer Sherwood in Kelowna Rockets zone.
12:43 of 2nd period - Joel Kiviranta is hit by Kiefer Sherwood.
12:49 of 2nd period - Brock McGinn is hit by Chad Ruhwedel and loses puck.
13:22 of 2nd period - Minor Penalty to Maxwell Crozier for Interference.
13:23 of 2nd period - Bobby McMann wins face-off versus Brock McGinn in Tucson Roadrunners zone.
13:35 of 2nd period - Wrist shot by Mavrik Bourque.
13:35 of 2nd period - Shot Blocked by Robert Hagg.
13:37 of 2nd period - Slapshot by Bobby McMann.
13:37 of 2nd period - Stopped by Kaapo Kahkonen without a rebound.
13:38 of 2nd period - Kiefer Sherwood wins face-off versus Joel Kiviranta in Tucson Roadrunners zone.
13:40 of 2nd period - Penalty to Jasper Weatherby is over, Jasper Weatherby is back on ice.
13:50 of 2nd period - Snap shot by Jake Christiansen.
13:50 of 2nd period - Shot Blocked by Kiefer Sherwood.
13:52 of 2nd period - Slapshot by Riley Nash.
13:52 of 2nd period - Shot Misses the Net.
13:54 of 2nd period - Wrist shot by Joel Kiviranta.
13:54 of 2nd period - Stopped by Kaapo Kahkonen with a rebound.
13:56 of 2nd period - Wrist shot by Joel Kiviranta.
13:56 of 2nd period - Stopped by Kaapo Kahkonen with a rebound.
13:58 of 2nd period - Snap shot by Jasper Weatherby.
13:58 of 2nd period - Shot Misses the Net.
14:00 of 2nd period - Snap shot by Riley Nash.
14:00 of 2nd period - Stopped by Kaapo Kahkonen without a rebound.
14:01 of 2nd period - Brock McGinn wins face-off versus Riley Nash in Tucson Roadrunners zone.
14:46 of 2nd period - Icing by Mavrik Bourque.
14:47 of 2nd period - Mavrik Bourque wins face-off versus Kiefer Sherwood in Kelowna Rockets zone.
15:00 of 2nd period - Snap shot by Bobby McMann.
15:00 of 2nd period - Shot Blocked by Samuel Knazko.
15:02 of 2nd period - Snap shot by Bobby McMann.
15:02 of 2nd period - Stopped by Kaapo Kahkonen with a rebound.
15:04 of 2nd period - Slapshot by Bobby McMann.
15:04 of 2nd period - Shot Misses the Net.
15:06 of 2nd period - Wrist shot by Joel Kiviranta.
15:06 of 2nd period - Shot Misses the Net.
15:08 of 2nd period - Snap shot by Joel Kiviranta.
15:08 of 2nd period - Stopped by Kaapo Kahkonen with a rebound.
15:10 of 2nd period - Wrist shot by Mavrik Bourque.
15:10 of 2nd period - Deflect By Nicolas Petan.
15:10 of 2nd period - Goal by Mavrik Bourque - Tucson Roadrunners : 3 - Kelowna Rockets : 4.
15:11 of 2nd period - Riley Nash wins face-off versus Kiefer Sherwood in neutral zone.
15:24 of 2nd period - Snap shot by Roby Jarventie.
15:24 of 2nd period - Goal by Roby Jarventie - Tucson Roadrunners : 3 - Kelowna Rockets : 5.
15:25 of 2nd period - Mavrik Bourque wins face-off versus Kiefer Sherwood in neutral zone.
16:12 of 2nd period - Maxwell Crozier is hit by Maxence Guenette and loses puck.
16:27 of 2nd period - Minor Penalty to Maxwell Crozier for Tripping.
16:28 of 2nd period - Riley Nash wins face-off versus Brock McGinn in Tucson Roadrunners zone.
18:27 of 2nd period - Penalty to Maxwell Crozier is over, Maxwell Crozier is back on ice.
18:37 of 2nd period - Maksymilian Szuber is hit by Chad Ruhwedel and loses puck.
18:46 of 2nd period - Oskar Back is hit by Samuel Knazko and loses puck.
19:12 of 2nd period - Double Minor Penalty to Nick Seeler for High sticking.
19:13 of 2nd period - Riley Nash wins face-off versus Brock McGinn in Tucson Roadrunners zone.
19:40 of 2nd period - Wrist shot by Bobby McMann.
19:40 of 2nd period - Stopped by Kaapo Kahkonen without a rebound.
19:41 of 2nd period - Kiefer Sherwood wins face-off versus Mavrik Bourque in Tucson Roadrunners zone.
19:48 of 2nd period - Snap shot by Kiefer Sherwood.
19:48 of 2nd period - Goal by Kiefer Sherwood - Tucson Roadrunners : 4 - Kelowna Rockets : 5.
19:49 of 2nd period - Riley Nash wins face-off versus Brock McGinn in neutral zone.
19:54 of 2nd period - Wrist shot by Riley Nash.
19:54 of 2nd period - Shot Misses the Net.
19:56 of 2nd period - Slapshot by Maxence Guenette.
19:56 of 2nd period - Stopped by Kaapo Kahkonen with a rebound.
19:58 of 2nd period - Snap shot by Aku Raty.
19:58 of 2nd period - Shot Misses the Net.
Goals for this period are 3 for Tucson Roadrunners vs 4 for Kelowna Rockets.
Shots for this period are 13 for Tucson Roadrunners vs 21 for Kelowna Rockets.
3rd period
0:01 of 3rd period - Riley Nash wins face-off versus Brock McGinn in neutral zone.
0:31 of 3rd period - Snap shot by Roby Jarventie.
0:31 of 3rd period - Deflect By Riley Nash.
0:31 of 3rd period - Shot Misses the Net.
0:31 of 3rd period - Puck is out of play.
0:32 of 3rd period - Brock McGinn wins face-off versus Mavrik Bourque in Tucson Roadrunners zone.
0:38 of 3rd period - Icing by Joel Kiviranta.
0:39 of 3rd period - Mavrik Bourque wins face-off versus Kiefer Sherwood in Kelowna Rockets zone.
1:09 of 3rd period - Samuel Knazko is hit by Riley Nash and loses puck.
3:12 of 3rd period - Penalty to Nick Seeler is over, Nick Seeler is back on ice.
3:26 of 3rd period - Eemil Viro is hit by Owen Sillinger and loses puck.
4:13 of 3rd period - Snap shot by Walker Duehr.
4:13 of 3rd period - Stopped by Eetu Makiniemi with a rebound.
4:47 of 3rd period - Slapshot by Chase Wheatcroft.
4:47 of 3rd period - Stopped by Eetu Makiniemi with a rebound.
6:05 of 3rd period - Jake Christiansen is hit by Nick Seeler and loses puck.
6:30 of 3rd period - Wrist shot by Bobby McMann.
6:30 of 3rd period - Shot Misses the Net.
6:32 of 3rd period - Slapshot by Eemil Viro.
6:32 of 3rd period - Deflect By Mavrik Bourque.
6:32 of 3rd period - Stopped by Kaapo Kahkonen with a rebound.
6:46 of 3rd period - Henri Nikkanen is hit by Samuel Knazko.
6:47 of 3rd period - Icing by Henri Nikkanen.
6:48 of 3rd period - Mavrik Bourque wins face-off versus Walker Duehr in Kelowna Rockets zone.
6:55 of 3rd period - Icing by Gage Goncalves.
6:56 of 3rd period - Riley Nash wins face-off versus Walker Duehr in Tucson Roadrunners zone.
7:05 of 3rd period - Maksymilian Szuber is hit by Aku Raty and loses puck.
7:28 of 3rd period - Snap shot by Aku Raty.
7:28 of 3rd period - Shot Blocked by Walker Duehr.
7:30 of 3rd period - Wrist shot by Aku Raty.
7:30 of 3rd period - Stopped by Kaapo Kahkonen without a rebound.
7:31 of 3rd period - Mavrik Bourque wins face-off versus Kiefer Sherwood in Tucson Roadrunners zone.
7:36 of 3rd period - Wrist shot by Bobby McMann.
7:36 of 3rd period - Shot Blocked by Maxwell Crozier.
7:38 of 3rd period - Slapshot by Hardy Haman Aktell.
7:38 of 3rd period - Shot Misses the Net.
7:40 of 3rd period - Snap shot by Joel Kiviranta.
7:40 of 3rd period - Stopped by Kaapo Kahkonen with a rebound.
7:42 of 3rd period - Slapshot by Mavrik Bourque.
7:42 of 3rd period - Shot Misses the Net.
7:44 of 3rd period - Wrist shot by Joel Kiviranta.
7:44 of 3rd period - Deflect By Bobby McMann.
7:44 of 3rd period - Shot Blocked by Brock McGinn.
7:44 of 3rd period - Puck is out of play.
7:45 of 3rd period - Mavrik Bourque wins face-off versus Nicolas Petan in Tucson Roadrunners zone.
7:52 of 3rd period - Snap shot by Mavrik Bourque.
7:52 of 3rd period - Deflect By Joel Kiviranta.
7:52 of 3rd period - Stopped by Kaapo Kahkonen with a rebound.
8:11 of 3rd period - Mavrik Bourque is hit by Gage Goncalves and loses puck.
8:22 of 3rd period - Gage Goncalves is hit by Bobby McMann and loses puck.
8:43 of 3rd period - Slapshot by Riley Nash.
8:43 of 3rd period - Deflect By Roby Jarventie.
8:43 of 3rd period - Stopped by Kaapo Kahkonen with a rebound.
8:45 of 3rd period - Slapshot by Jake Christiansen.
8:45 of 3rd period - Stopped by Kaapo Kahkonen without a rebound.
8:46 of 3rd period - Oskar Back wins face-off versus Nicolas Petan in Tucson Roadrunners zone.
9:37 of 3rd period - Snap shot by Jacob Perreault.
9:37 of 3rd period - Stopped by Kaapo Kahkonen with a rebound.
10:15 of 3rd period - Anthony Richard is hit by Jake Christiansen and loses puck.
11:00 of 3rd period - Aku Raty is hit by Zach Dean and loses puck.
12:28 of 3rd period - Wrist shot by Roby Jarventie.
12:28 of 3rd period - Shot Misses the Net.
12:40 of 3rd period - Snap shot by Anthony Richard.
12:40 of 3rd period - Stopped by Eetu Makiniemi without a rebound.
12:41 of 3rd period - Jasper Weatherby wins face-off versus Nicolas Petan in Kelowna Rockets zone.
13:15 of 3rd period - Icing by Jake Christiansen.
13:16 of 3rd period - Roby Jarventie wins face-off versus Matt Nieto in Kelowna Rockets zone.
13:27 of 3rd period - Wrist shot by Oskar Back.
13:27 of 3rd period - Stopped by Kaapo Kahkonen with a rebound.
13:29 of 3rd period - Wrist shot by Adam Sykora.
13:29 of 3rd period - Shot Blocked by Brock McGinn.
13:37 of 3rd period - Minor Penalty to Nick Seeler for Cross-checking.
13:38 of 3rd period - Brock McGinn wins face-off versus Mavrik Bourque in Tucson Roadrunners zone.
14:03 of 3rd period - Kiefer Sherwood is hit by Roby Jarventie and loses puck.
14:22 of 3rd period - Snap shot by Nicolas Petan.
14:22 of 3rd period - Stopped by Eetu Makiniemi with a rebound.
14:39 of 3rd period - Off-side.
14:40 of 3rd period - Brock McGinn wins face-off versus Riley Nash in neutral zone.
14:43 of 3rd period - Slapshot by Robert Hagg.
14:43 of 3rd period - Stopped by Eetu Makiniemi with a rebound.
15:37 of 3rd period - Penalty to Nick Seeler is over, Nick Seeler is back on ice.
15:51 of 3rd period - Maxwell Crozier is hit by Kim Nousiainen and loses puck.
15:56 of 3rd period - Slapshot by Mikael Pyyhtia.
15:56 of 3rd period - Stopped by Kaapo Kahkonen with a rebound.
15:58 of 3rd period - Slapshot by Eemil Viro.
15:58 of 3rd period - Shot Misses the Net.
16:34 of 3rd period - Slapshot by Chad Ruhwedel.
16:34 of 3rd period - Stopped by Kaapo Kahkonen without a rebound.
16:35 of 3rd period - Walker Duehr wins face-off versus Mavrik Bourque in Tucson Roadrunners zone.
17:13 of 3rd period - Zach Dean is hit by Hardy Haman Aktell.
17:25 of 3rd period - Wrist shot by Aku Raty.
17:25 of 3rd period - Shot Misses the Net.
18:05 of 3rd period - Maxence Guenette is hit by Owen Sillinger and loses puck.
18:20 of 3rd period - Roby Jarventie is hit by Anthony Richard and loses puck.
18:56 of 3rd period - Snap shot by Mavrik Bourque.
18:56 of 3rd period - Stopped by Kaapo Kahkonen with a rebound.
19:07 of 3rd period - Tucson Roadrunners, Kaapo Kahkonen is pulled from the net.
19:17 of 3rd period - Slapshot by Matt Nieto.
19:17 of 3rd period - Stopped by Eetu Makiniemi with a rebound.
19:27 of 3rd period - Snap shot by Chad Ruhwedel.
19:27 of 3rd period - Goal by Chad Ruhwedel - Tucson Roadrunners : 4 - Kelowna Rockets : 6.
19:27 of 3rd period - Kaapo Kahkonen from Tucson Roadrunners was sent back in the game.
19:28 of 3rd period - Walker Duehr wins face-off versus Mikael Pyyhtia in neutral zone.
19:35 of 3rd period - Robert Hagg is hit by Adam Sykora and loses puck.
Goals for this period are 0 for Tucson Roadrunners vs 1 for Kelowna Rockets.
Shots for this period are 6 for Tucson Roadrunners vs 12 for Kelowna Rockets.
Back to the Top